 Dungeon Crawl Stone Soup version 0.28-a0-1199-gef9e1dbd39 (webtiles) character file.

Game seed: 16471787255335765967

27 enile the Ducker (level 2, 0/22 HPs)
             Began as a Demonspawn Gladiator on Dec 19, 2021.
             Slain by a scorpion (6 damage)
             ... on level 2 of the Dungeon.
             The game lasted 00:02:08 (1595 turns).

enile the Ducker (Demonspawn Gladiator)             Turns: 1595, Time: 00:02:09

Health: 0/22       AC: 10    Str: 14    XL:     2   Next: 93%
Magic:  2/2        EV:  7    Int:  9    God:
Gold:   63         SH:  0    Dex: 14    Spells: 1/1 levels left

rFire   . . .      SeeInvis .   n - +1 dagger (freeze)
rCold   . . .      Faith    .   (no shield)
rNeg    . . .      Spirit   .   g - +0 chain mail
rPois   .          Reflect  .   c - +0 helmet
rElec   .          Harm     .   (no cloak)
rCorr   .          Rampage  .   (no gloves)
Will    .....                   f - +0 pair of boots
Stlth   ..........              (no amulet)
HPRegen 0.07/turn               (no ring)
MPRegen 0.08/turn               (no ring)

@: brilliant, lethally poisoned (0 -> -9)
A: weakness stinger 1
a: no special abilities


You were on level 2 of the Dungeon.
You visited 1 branch of the dungeon, and saw 2 of its levels.

You collected 63 gold pieces.

Inventory:

Hand Weapons
 a - a +0 quarterstaff
 n - a +1 dagger of freezing (weapon)
Armour
 b - a +0 leather armour
 c - a +0 helmet (worn)
 f - a +0 pair of boots (worn)
 g - a +0 chain mail (worn)
Scrolls
 h - a scroll of silence {unknown}
 i - a scroll of fear {unknown}
 l - a scroll of fog {unknown}
Potions
 e - a potion of degeneration {unknown}
 j - a potion of flight {unknown}
 m - a potion of heal wounds


   Skills:
 - Level 2.0 Fighting
 - Level 2.7 Staves
 - Level 1.8 Throwing
 + Level 1.9 Armour
 - Level 3.0 Dodging


You had one spell level left.
You didn't know any spells.
Your spell library contained the following spells:

 Spells                   Type           Power      Damage    Failure   Level
 Slow                     Hex            0%         N/A       100%        1
 Confusing Touch          Hex            0%         N/A       100%        3
 Yara's Violent Unravell  Hex/Tmut       0%         3d3       100%        5


Dungeon Overview and Level Annotations

Branches:
Dungeon (2/15)

Altars:


Innate Abilities, Weirdness & Mutations

You have a small tail.


Message History

The scorpion struggles against the net.
You hit the scorpion. You freeze the scorpion.
The scorpion is heavily wounded.
You feel sick.
The scorpion struggles against the net.
The endoplasm struggles against the net.
You hit the scorpion but do no damage.
The scorpion is heavily wounded.
You feel sick.
The scorpion struggles against the net.
The endoplasm struggles against the net.
The net rips apart, and the endoplasm comes free!
You hit the scorpion but do no damage. You tail-slap the scorpion.
The scorpion is heavily wounded.
You feel sick.
The scorpion struggles against the net.
The net rips apart, and the scorpion comes free!
It was a potion of heal wounds.
You feel much better.
You feel sick. The scorpion stings you.
The scorpion stings you but does no damage.
You closely miss the scorpion.
The scorpion is moderately wounded.
You feel sick.
You are no longer poisoned.
The scorpion stings you.
You are lethally poisoned!
The scorpion poisons you!
Throw: throwing net
Press: ? - help, Q - select action Shift-Dir - straight line, f/p - scorpion
Aim: a scorpion (moderately wounded, 59% to hit)
You throw a throwing net.
The throwing net barely misses the scorpion.
The throwing net hits the endoplasm.
The endoplasm is caught in the net!
You feel very sick.
The endoplasm struggles against the net.
The scorpion stings you.
Sorry, you're not good enough to have a special ability.
It was a potion of brilliance.
You feel clever all of a sudden.
* * * LOW HITPOINT WARNING * * *
You feel very sick. The scorpion stings you.
You die...

##### #...# #...# ######## #...#
#......# ############### #...#
#......# #.............#
#...#####......###.............#
........+.....Js@'.............#
.########......###.............#
.# #:.....# #.............# .#
#......# #.............# .#
######## #.............# ##
#.............# ##########
#.............## .........#
#............... .........#
############....


You could see a scorpion and an endoplasm (caught).

Vanquished Creatures
  A worm (D:2)
  3 endoplasms (D:1)
  A giant cockroach (D:1)
  5 goblins
  A hobgoblin (D:1)
  2 quokkas (D:1)
  2 ball pythons
  3 bats (D:1)
  2 frilled lizards (D:1)
  A kobold (D:1)
  2 rats (D:1)
23 creatures vanquished.

Vanquished Creatures (others)
  4 plants (D:2)
4 creatures vanquished.

Grand Total: 27 creatures vanquished

Notes
Turn   | Place    | Note
-------+----------+-------------------------------------------
     0 | D:1      | enile the Demonspawn Gladiator began the quest for the Orb.
     0 | D:1      | Reached XP level 1. HP: 16/16 MP: 1/1
   402 | D:1      | Reached skill level 3 in Dodging
   644 | D:1      | Discovered your monstrous ancestry.
   644 | D:1      | Gained mutation: You have a small tail. [demonic ancestry]
   644 | D:1      | Reached XP level 2. HP: 22/22 MP: 2/2
   671 | D:1      | Reached skill level 1 in Armour
  1577 | D:2      | Noticed a scorpion
  1595 | D:2      | Slain by a scorpion

Illustrated notes

Levels and vault maps discovered:
D:1:      dpeg_arrival_houses_and_road, layout_loops_corners,
          amcnicky_mini_corridor_feature, minmay_tetromino_s4
D:2:      layout_basic, chequers_ecumenical_altar_lobes

Skill      XL: |  1  2 |
---------------+-------+-----
Dodging        | 3 |  3.0
Armour         | 1 |  1.9
Fighting       | |  2.0
Staves         | |  2.7
Throwing       | |  1.8

Action                   || total
-------------------------++-------
Melee: Quarterstaff      ||    51
       Dagger            ||    20
       Tailslap          ||    11
Throw: Throwing net      ||     3
  Use: Potion            ||     2
Armor: Leather armour    ||    15
       Chain mail        ||    12
Dodge: Dodged            ||    40

Table legend: (Time is in decaauts)
 A = Elapsed time spent in this place.
 B = Non-inter-level travel time spent in this place.
 C = Inter-level travel time spent in this place.
 D = Time resting spent in this place.
 E = Time spent auto-exploring this place.
 F = Levels seen in this place.
 G = Mean time per level.
                   A        B        C        D        E       F      G
               +--------+--------+--------+--------+--------+-----+--------+
         Total |   1602 |   1573 |     29 |      0 |   1375 |   2 |  801.0 |
       Dungeon |   1602 |   1573 |     29 |      0 |   1375 |   2 |  801.0 |
               +--------+--------+--------+--------+--------+-----+--------+

Top non-repeatable levels by time:
     D:1: 1260 daAuts
     D:2: 341 daAuts
